 Dungeon Crawl Stone Soup version 0.18.1-50-g88ac8fd (webtiles) character file.

9809 spiff the Transmogrifier (level 11, -4/56 HPs)
             Began as a Vine Stalker Transmuter on Sept 27, 2016.
             Was an Elder of Cheibriados.
             Slain by a komodo dragon (24 damage)
             ... on level 1 of the Lair of Beasts.
             The game lasted 00:32:00 (9451 turns).

spiff the Transmogrifier (Vine Stalker Transmuter)  Turns: 9451, Time: 00:32:01

Health: -4/56      AC: 10    Str: 28    XL:     11   Next: 52%
Magic:  0/19       EV: 16    Int: 26    God:    Cheibriados [****..]
Gold:   642        SH:  0    Dex: 20    Spells: 4 memorised, 9 levels left

rFire  . . .     SeeInvis .       - Unarmed
rCold  + . .     Gourm    +     B - +0 ring mail
rNeg   . . .     Faith    .     (shield currently unavailable)
rPois  .         Spirit   +     G - +0 helmet
rElec  .         Dismiss  .     L - +2 cloak of Classification {rC+ Regen+ Dex-5}
rCorr  .         Reflect  .     (gloves currently unavailable)
SustAt .         Harm     .     (no boots)
MR     +....                    i - amulet of the gourmand
Stlth  +.........               D - +4 ring of intelligence
                                m - +4 ring of strength

@: blade hands, very slow, somewhat resistant to hostile enchantments, very
unstealthy
A: fangs 3, regeneration 2, magic shield, antimagic bite, no device heal 3, rot
immunity
a: End Transformation, Bend Time, Temporal Distortion, Slouch, Renounce Religion


You were on level 1 of the Lair of Beasts.
You worshipped Cheibriados.
Cheibriados was greatly pleased with you.
You were completely stuffed.
You had blades for hands.
You visited 3 branches of the dungeon, and saw 12 of its levels.
You also visited: Labyrinth.

You collected 642 gold pieces.

Inventory:

Missiles
 a - 190 arrows
 w - 28 poisoned needles
 A - 7 javelins of returning (quivered)
 H - 4 javelins
 N - 3 tomahawks
 R - 6 javelins of penetration
 S - a throwing net
Armour
 b - a +0 robe
 B - a +0 ring mail (worn)
 G - a +0 helmet (worn)
 I - the +0 robe of the Bells {rElec MR- Regen+ Str+7}
   (You found it on level 6 of the Dungeon)

   It affects your strength (+7).
   It insulates you from electricity.
   It affects your resistance to hostile enchantments.
   It increases your rate of regeneration.
 L - the +2 cloak of Classification (worn) {rC+ Regen+ Dex-5}
   (You found it on level 9 of the Dungeon)

   It affects your dexterity (-5).
   It protects you from cold.
   It increases your rate of regeneration.
 X - a +1 buckler of protection
Jewellery
 i - an amulet of the gourmand (around neck)
 m - a +4 ring of strength (left scythe-like blade)
 v - an uncursed ring of stealth
 y - an uncursed ring of poison resistance
 D - a +4 ring of intelligence (right scythe-like blade)
 K - an uncursed ring of stealth
 O - an uncursed ring of protection from fire
Wands
 x - a wand of confusion (28/48)
 J - a wand of polymorph (17/24)
 V - a wand of paralysis (11/24)
Scrolls
 h - 3 scrolls of remove curse
 k - 3 scrolls of fear
 q - a scroll of amnesia
 s - 4 scrolls of teleportation
 T - 2 scrolls of recharging {unknown}
 W - a scroll of enchant weapon {unknown}
 Y - a scroll of fog
Potions
 e - 8 potions of curing
 f - a potion of flight
 g - 2 potions of ambrosia
 n - a potion of magic
 o - a potion of might
 r - a potion of lignification {unknown}
 t - a potion of mutation {unknown}
 z - a potion of resistance
 C - a potion of heal wounds
 P - a potion of cure mutation {unknown}
Books
 c - a book of Changes

   Spells                             Type                      Level
   a - Beastly Appendage              Transmutation                1
   b - Sticks to Snakes               Transmutation                2
   c - Spider Form                    Transmutation/Poison         3
   d - Ice Form                       Ice/Transmutation            4
   e - Blade Hands                    Transmutation                5
 p - a Grand Grimoire

   Spells                             Type                      Level
   a - Monstrous Menagerie            Summoning                    7
   b - Summon Greater Demon           Summoning                    7
   c - Malign Gateway                 Summoning/Translocation      7
   d - Summon Horrible Things         Summoning                    8
 E - a book of Party Tricks

   Spells                             Type                      Level
   a - Summon Butterflies             Summoning                    1
   b - Apportation                    Translocation                1
   c - Tukima's Dance                 Hexes                        3
   d - Alistair's Intoxication        Transmutation/Poison         5
   e - Invisibility                   Hexes                        6
 U - a book of Geomancy

   Spells                             Type                      Level
   a - Sandblast                      Earth                        1
   b - Passwall                       Transmutation/Earth          2
   c - Stone Arrow                    Conjuration/Earth            3
   d - Petrify                        Transmutation/Earth          4
   e - Lee's Rapid Deconstruction     Earth                        5
Comestibles
 d - 11 bread rations
 j - 10 slices of pizza
 l - 7 meat rations
 u - a royal jelly
 F - 6 beef jerkies
 M - 2 chunks of flesh
 Q - 3 fruits


   Skills:
 - Level 6.2 Fighting
 - Level 5.0 Armour
 - Level 6.1 Dodging
 - Level 6.0 Unarmed Combat
 - Level 5.0 Spellcasting
 + Level 11.6 Transmutations


You had 9 spell levels left.
You knew the following spells:

 Your Spells              Type           Power        Failure   Level  Hunger
a - Beastly Appendage     Trmt           ######       8%          1    None
e - Blade Hands           Trmt           ######....   24%         5    #####..
q - Spider Form           Trmt/Pois      #####.....   24%         3    #......
r - Sticks to Snakes      Trmt           ######..     10%         2    None


Dungeon Overview and Level Annotations

Branches:
Dungeon (10/15)            Temple (1/1) D:7            Lair (1/8) D:8
    Orc: D:9-12

Altars:
Ashenzari
Cheibriados
Dithmenos
Elyvilon
Fedhas
Gozag
Makhleb
Nemelex Xobeh
Okawaru
Ru
Sif Muna
Trog
Vehumet
Xom
Yredelemnul

Annotations:
D:4 1 runed door
D:5 KarmaPolice's ghost, novice HuWz
D:7 Joseph; Prince Ribbit


Innate Abilities, Weirdness & Mutations

You have razor-sharp teeth.
You heal very quickly.
When hurt, damage is shared between your health and your magic reserves.
Your bite disrupts and absorbs the magic of your enemies.
Potions and wands cannot restore your health.
You are immune to rotting.


Message History

The eight-headed hydra is almost dead.
The eight-headed hydra bites you. The eight-headed hydra misses you.
The eight-headed hydra closely misses you.
The eight-headed hydra misses you. x2
The eight-headed hydra bites you but does no damage.
The eight-headed hydra bites you! The eight-headed hydra bites you.
You hack one of the eight-headed hydra's heads off!
The seven-headed hydra grows two more!
You slice the nine-headed hydra!!
You kill the nine-headed hydra!
Cheibriados appreciates the change of pace.
A crocodile comes into view.
A crocodile comes into view.
You slice the komodo dragon!! Your bite misses the komodo dragon.
The komodo dragon is severely wounded.
The komodo dragon barely misses you.
The crocodile moves out of view.
You slash the komodo dragon!
You bite the komodo dragon, but do no damage.
The komodo dragon is almost dead.
The komodo dragon bites you!!
You die...

#..## ...# #..## #
#...### ..
#######.P...## ..
#.........#..### ..
####....#........# t#
..........####.#.#t###..
####....#.# ###@lt....?
##..##..# #P.####.##
#.###..# #..% #.# ##.#
##.P# ..# .# #.## ##..
.# ..# #.. .. >.. ###


You could see a komodo dragon and 3 crocodiles.

Vanquished Creatures
  A minotaur (Lab)
  A hydra (Lair:1)
  Nergalle (Lair:1)
  A hill giant (D:10)
  3 spiny frogs (Lair:1)
  A minotaur zombie (Lab)
  Grinder (D:6)
  2 vampires
  A human (D:9)
  A hog (D:9)
  3 hippogriffs
  Duvessa (D:6)
  4 ice beasts
  2 sky beasts
  5 orc warriors
  A black bear (D:8)
  A wasp (D:8)
  A centaur (D:6)
  3 phantoms
  4 wolves (Lair:1)
  2 ogres
  A crocodile (Lair:1)
  4 giant frogs
  A wyvern zombie (D:10)
  2 gnoll sergeants
  Dowan (D:6)
  9 killer bees
  3 wights (D:10)
  A howler monkey (D:6)
  A centaur zombie (D:8)
  4 crimson imps
  4 quasits
  2 hounds
  A centaur skeleton (D:10)
  6 orc priests
  A gnoll shaman (D:8)
  5 jellies
  6 iguanas
  9 orc wizards
  7 worker ants
  3 sheep (D:9)
  A hound zombie (D:5)
  A hound skeleton (D:10)
  13 gnolls
  2 worker ant zombies
  11 adders
  A howler monkey skeleton (D:10)
  2 shadow imps (D:6)
  An ooze (D:1)
  4 adder skeletons
  3 worms
  7 giant geckos
  33 orcs
  5 giant cockroaches
  7 goblins
  11 hobgoblins
  14 jackals
  7 kobolds
  A quokka (D:6)
  6 bats
  A giant gecko zombie (D:4)
  4 giant newts
  6 rats
252 creatures vanquished.

Vanquished Creatures (others)
  5 toadstools (D:1)
5 creatures vanquished.

Grand Total: 257 creatures vanquished

Notes
Turn   | Place    | Note
--------------------------------------------------------------
     0 | D:1      | spiff the Vine Stalker Transmuter began the quest for the Orb.
     0 | D:1      | Reached XP level 1. HP: 9/9 MP: 4/4
   108 | D:1      | Reached XP level 2. HP: 14/14 MP: 4/6
   464 | D:1      | Learned a level 2 spell: Sticks to Snakes
   581 | D:2      | Reached XP level 3. HP: 17/17 MP: 7/7
   586 | D:2      | Learned a level 3 spell: Spider Form
  1386 | D:2      | Reached XP level 4. HP: 12/21 MP: 8/8
  1472 | D:3      | Noticed an ogre
  1613 | D:3      | Reached skill level 5 in Unarmed Combat
  1673 | D:3      | Killed an ogre
  1673 | D:3      | Reached XP level 5. HP: 25/25 MP: 2/9
  2094 | D:3      | Found a radiant altar of Vehumet.
  2111 | D:3      | Found a sparkling altar of Nemelex Xobeh.
  2130 | D:3      | Found a white marble altar of Elyvilon.
  2455 | D:4      | Reached skill level 3 in Transmutations
  2492 | D:4      | Gained mutation: You heal very quickly. [Vine Stalker growth]
  2492 | D:4      | Reached XP level 6. HP: 29/29 MP: 10/10
  2582 | D:4      | Noticed a phantom
  2595 | D:4      | Killed a phantom
  2595 | D:4      | Reached skill level 4 in Transmutations
  2687 | D:4      | Found a white marble altar of Elyvilon.
  2688 | D:4      | Found a runed door.
  2688 | D:4      | Noticed an angel
  3035 | D:4      | Found a deep blue altar of Sif Muna.
  3036 | D:4      | Found a shadowy altar of Dithmenos.
  3188 | D:5      | Entered Level 5 of the Dungeon
  3202 | D:5      | Reached skill level 5 in Transmutations
  3202 | D:5      | Reached XP level 7. HP: 29/32 MP: 7/11
  3250 | D:5      | Noticed KarmaPolice's ghost (novice HuWz)
  3507 | D:5      | Reached skill level 6 in Transmutations
  3583 | D:5      | Noticed a hippogriff
  3593 | D:5      | Killed a hippogriff
  3593 | D:5      | Reached skill level 1 in Fighting
  3753 | D:5      | Gained mutation: You have razor-sharp teeth. [Vine Stalker growth]
  3753 | D:5      | Reached XP level 8. HP: 34/39 MP: 9/14
  4015 | D:6      | Found a bloodstained altar of Trog.
  4112 | D:6      | Found a shimmering altar of Xom.
  4169 | D:6      | Noticed Dowan
  4180 | D:6      | Killed Dowan
  4206 | D:6      | Noticed Duvessa
  4218 | D:6      | Killed Duvessa
  4293 | D:6      | Reached skill level 5 in Spellcasting
  4391 | D:6      | Noticed Grinder
  4410 | D:6      | Paralysed by Grinder for 6 turns
  4418 | D:6      | Killed Grinder
  4660 | D:6      | Reached XP level 9. HP: 46/46 MP: 14/17
  4728 | D:6      | Got a steaming robe
  4739 | D:6      | Identified the +0 robe of the Bells {rElec MR- Regen+ Str+7} (You found it on level 6 of the Dungeon)
  4753 | D:6      | Reached skill level 5 in Fighting
  5663 | D:7      | Noticed Joseph
  5911 | D:7      | Noticed Prince Ribbit
  5979 | D:7      | Found a staircase to the Ecumenical Temple.
  5986 | Temple   | Entered the Ecumenical Temple
  5996 | Temple   | Became a worshipper of Cheibriados the Contemplative
  6176 | D:8      | Reached skill level 7 in Transmutations
  6230 | D:8      | Found a staircase to the Lair.
  6293 | D:8      | Learned a level 5 spell: Blade Hands
  6383 | D:8      | Reached * piety under Cheibriados
  6383 | D:8      | Reached skill level 8 in Transmutations
  6521 | D:8      | Found a basalt altar of Yredelemnul.
  6522 | D:8      | Found a blossoming altar of Fedhas.
  6624 | D:8      | Reached XP level 10. HP: 50/53 MP: 15/18
  6633 | D:8      | Reached skill level 9 in Transmutations
  6968 | D:9      | Reached skill level 1 in Armour
  7103 | D:9      | Got an ancient cloak
  7109 | D:9      | Identified the +2 cloak of Classification {rC+ Regen+ Dex-5} (You found it on level 9 of the Dungeon)
  7121 | D:9      | Reached ** piety under Cheibriados
  7242 | D:9      | Found an opulent altar of Gozag.
  7242 | D:9      | Found a sparkling altar of Nemelex Xobeh.
  7467 | D:9      | Noticed a moth of wrath
  7469 | D:9      | Found a bloodstained altar of Trog.
  7853 | D:10     | Entered Level 10 of the Dungeon
  7927 | D:10     | Reached *** piety under Cheibriados
  7953 | D:10     | Reached skill level 5 in Armour
  8315 | D:10     | Reached skill level 5 in Dodging
  8414 | D:10     | Noticed a hill giant
  8421 | D:10     | Killed a hill giant
  8781 | Lair:1   | Entered Level 1 of the Lair of Beasts
  8781 | Lair:1   | Noticed a spiny frog
  8787 | Lair:1   | Killed a spiny frog
  8787 | Lair:1   | Reached XP level 11. HP: 50/56 MP: 16/19
  8875 | Lair:1   | Reached **** piety under Cheibriados
  8875 | Lair:1   | Reached skill level 10 in Transmutations
  8929 | Lair:1   | Found a labyrinth entrance.
  8929 | Lair:1   | Noticed Nergalle
  8937 | Lair:1   | Killed Nergalle
  8946 | Lab      | Entered a labyrinth
  9313 | Lab      | Noticed a minotaur
  9319 | Lab      | Killed a minotaur
  9319 | Lab      | Reached skill level 11 in Transmutations
  9441 | Lair:1   | Noticed a five-headed hydra
  9448 | Lair:1   | Killed a nine-headed hydra
  9451 | Lair:1   | Slain by a komodo dragon

Skill      XL: |  1  2  3  4  5  6  7  8  9 10 11 |
---------------+----------------------------------+-----
Unarmed Combat | 4 5 6 |  6.0
Transmutations | 3 5 6 8 9 11 | 11.6
Fighting       | 2 4 6 |  6.2
Spellcasting   | 3 5 |  5.0
Dodging        | 3 4 6 |  6.1
Armour         | 5 |  5.0

Action                   |  1- 3 |  4- 6 |  7- 9 | 10-12 || total
-------------------------+-------+-------+-------+-------++-------
Melee: Unarmed           |    98 |   154 |   277 |   194 ||   723
       Bite              |    25 |    18 |    34 |    75 ||   152
       Headbutt          |     2 |    10 |     3 |       ||    15
       Kick              |     1 |     5 |     4 |     6 ||    16
       Punch             |       |     2 |     6 |     5 ||    13
 Cast: Beastly Appendage |     8 |    11 |    10 |     3 ||    32
       Sticks to Snakes  |     1 |       |       |       ||     1
       Spider Form       |       |     5 |    27 |     1 ||    33
       Blade Hands       |       |       |     5 |    28 ||    33
  Use: Scroll            |     4 |     7 |     6 |     1 ||    18
 Stab: Sleeping          |       |     3 |     6 |       ||     9
  Eat: Chunk             |    14 |     7 |    18 |    14 ||    53
Armor: Robe              |    23 |    10 |    17 |       ||    50
       Skin              |       |     1 |     9 |       ||    10
       Ring mail         |       |       |     1 |    58 ||    59
Dodge: Dodged            |    72 |    94 |   197 |   136 ||   499
